 Dungeon Crawl Stone Soup version 0.31-a0-1308-ga3cce3a448 (webtiles) character file.

Game seed: 12131767307454980805

285 Crabhammer the Stinger (level 6, -1/36 HPs)
             Began as an Octopode Venom Mage on Dec 19, 2023.
             Killed by nerve-wracking pain
             ... invoked by an orc priest
              (14 damage)
             ... on level 3 of the Dungeon on Dec 20, 2023.
             The game lasted 00:20:55 (3281 turns).

Crabhammer the Stinger (Octopode Venom Mage)        Turns: 3281, Time: 00:20:56

Health: -1/36      AC:  1    Str:  8    XL:     6   Next: 29%
Magic:  2/10       EV: 13    Int: 17    God:
Gold:   197        SH:  0    Dex: 14    Spells: 1/11 levels left

rFire   . .          .
                       - Unarmed
rCold   . . .        (no shield)
rNeg    . . .        (helmet currently unavailable)
rPois   .            d - amulet of the acrobat
rElec   .            (no ring)
rCorr   .            (no ring)
SInv    .            (no ring)
Will    .....        (no ring)
Stlth   +++          (no ring)
HPRegen 0.26/turn    (no ring)
MPRegen 0.12/turn    (no ring)
                     (no ring)

%: acrobat
@: beast-form, very slightly contaminated
A: beast (slay +0), almost no armour, amphibious, 8 rings, camouflage 1,
gelatinous body 1, (nimble swimmer 1), tentacles
a: Begin Untransformation


You were on level 3 of the Dungeon.
You were a hulking beast.
You visited 1 branch of the dungeon, and saw 4 of its levels.

You collected 197 gold pieces.

Inventory:

Hand Weapons
 n - a +0 spear
Missiles
 c - 2 throwing nets
Jewellery
 d - an amulet of the acrobat (around mantle)
Talismans
 b - a beast talisman (active)
Scrolls
 e - a scroll of teleportation {unknown}
 f - a scroll of fear {unknown}
 h - a scroll of immolation
 j - a scroll of fog {unknown}
 m - a scroll of blinking {unknown}
 o - a scroll of amnesia {unknown}
Potions
 a - a potion of magic
 g - 2 potions of heal wounds {unknown}
 i - a potion of brilliance {unknown}
 k - 2 potions of haste {unknown}
 l - a potion of invisibility {unknown}
 p - a potion of cancellation {unknown}


   Skills:
 - Level 2.0 Dodging
 - Level 2.6 Stealth
 + Level 3.6 Unarmed Combat
 + Level 3.3 Spellcasting
 - Level 1.0 Transmutations
 + Level 1.2 Air Magic
 + Level 5.1 Poison Magic
 + Level 1.0 Shapeshifting


You had one spell level left.
You knew the following spells:

 Your Spells              Type           Power      Damage    Failure   Level
a - Sting                 Tmut/Pois      52%        1d5       4%          1
b - Poisonous Vapours     Pois/Air       26%        N/A       7%          2
c - Mephitic Cloud        Conj/Pois/Air  10%        N/A       22%         3
d - Olgreb's Toxic Radia  Pois           20%        N/A       21%         4

Your spell library contained the following spells:

 Spells                   Type           Power      Damage    Failure   Level


Dungeon Overview and Level Annotations

Branches:
Dungeon (4/15)
 Temple: D:4-7

Altars:
Zin


Innate Abilities, Weirdness & Mutations

You are a hulking beast.
Your limbs bulge with bestial killing power. (Slay +0)
You cannot wear most types of armour.
You are amphibious.
You can wear up to eight rings at the same time.
Your skin changes colour to match your surroundings (Stealth+).
Your rubbery body absorbs attacks. (AC +1, EV +1)
((You are camouflaged when in or above water. (Stealth+)))
You have tentacles for arms and can constrict up to eight enemies at once.


Message History

The orc priest is poisoned.
The orc closely misses you.
Casting: Poisonous Vapours (safe; 7% risk of failure)
Confirm with . or Enter, or press ? or * to list all spells.
Aiming: Poisonous Vapours (safe; 7% risk of failure)
Press: ? - help, Dir - move target, f/p - orc priest
Aim: an orc priest, wielding a +0 falchion and wearing a +0 leather armour (moderately wounded, poisoned) Poisonous vapours surround the orc priest!
The orc priest looks even sicker.
The orc barely misses you.
Casting: Poisonous Vapours (safe; 7% risk of failure)
Confirm with . or Enter, or press ? or * to list all spells.
Aiming: Poisonous Vapours (safe; 7% risk of failure)
Press: ? - help, Dir - move target, f/p - orc priest
Aim: an orc priest, wielding a +0 falchion and wearing a +0 leather armour (moderately wounded, very poisoned) Poisonous vapours surround the orc priest!
The orc priest looks even sicker.
The orc hits you with a +0 club.
Aiming: Sting (safe; 4% risk of failure)
Press: ? - help, Q - select action, (/) - cycle Shift-Dir - straight line, f/p - orc priest
Aim: an orc priest, wielding a +0 falchion and wearing a +0 leather armour (moderately wounded, very poisoned, 71% to hit)
You miscast Sting.
You are very lightly contaminated with residual magic.
Nothing appears to happen.
The orc hits you with a +0 club.
The orc priest looks braver for a moment.
Aiming: Sting (safe; 4% risk of failure)
Press: ? - help, Q - select action, (/) - cycle Shift-Dir - straight line, f/p - orc priest
Aim: an orc priest, wielding a +0 falchion and wearing a +0 leather armour (moderately wounded, very poisoned, 71% to hit)
You miscast Sting.
Nothing appears to happen.
The orc hits you with a +0 club.
Aiming: Sting (safe; 4% risk of failure)
Press: ? - help, Q - select action, (/) - cycle Shift-Dir - straight line, f/p - orc priest
Aim: an orc priest, wielding a +0 falchion and wearing a +0 leather armour (moderately wounded, very poisoned, 71% to hit)
The sting hits the orc but does no damage.
The orc is poisoned.
The orc barely misses you.
Okay, then.
You tentacle-slap the orc.
You kill the orc!
The orc priest mumbles some strange prayers to Beogh against you.
Pain shoots through your body!
You die...

#### #... ########### #.#.
#.h.......# #.#. #)#######.#
##.#. #o# #.#####..#. #.#
####.......... #.#
##..........###
####'###..####........ ###
#...........##.....###
#######.####..>................##
#.......)..#..................###


You could see an orc priest (very poisoned).

Vanquished Creatures
  A water moccasin (D:3)
  7 gnolls
  2 adders
  3 worms
  3 dart slugs
  3 orcs (D:3)
  7 ball pythons
  4 endoplasms
  6 giant cockroaches
  8 goblins
  5 hobgoblins
  3 jackals (D:2)
  5 quokkas
  6 bats
  5 frilled lizards
  8 kobolds
  6 rats
82 creatures vanquished.

Notes
Turn   | Place    | Note
-------+----------+-------------------------------------------
     0 | D:1      | Crabhammer the Octopode Venom Mage began the quest for the
                  | Orb.
     0 | D:1      | Reached XP level 1. HP: 11/11 MP: 3/3
    99 | D:1      | Reached skill level 1 in Unarmed Combat
   113 | D:1      | Reached XP level 2. HP: 17/17 MP: 1/5
   160 | D:1      | Learned a level 2 spell: Poisonous Vapours
   498 | D:1      | Reached XP level 3. HP: 21/21 MP: 1/6
  1166 | D:2      | Reached XP level 4. HP: 21/27 MP: 1/7
  1839 | D:3      | Reached skill level 4 in Poison Magic
  1939 | D:3      | Noticed a water moccasin
  1958 | D:3      | Killed a water moccasin
  1959 | D:3      | Reached skill level 1 in Air Magic
  1959 | D:3      | Reached XP level 5. HP: 11/31 MP: 2/9
  2142 | D:3      | Reached XP level 6. HP: 33/36 MP: 5/10
  2154 | D:3      | Learned a level 3 spell: Mephitic Cloud
  2159 | D:3      | Learned a level 4 spell: Olgreb's Toxic Radiance
  2571 | D:3      | Reached skill level 5 in Poison Magic
  2645 | D:3      | Reached skill level 1 in Shapeshifting
  3179 | D:3      | Found a glowing silver altar of Zin.
  3281 | D:3      | Killed from afar by an orc priest

Illustrated notes

Levels and vault maps discovered:
D:1:      giann_forest_graveyard, layout_basic
D:2:      cheibrodos_old_hovel, layout_rooms, st_stairs_3
D:3:      layout_basic, mainiacjoe_overflow_chevrons, supply_closet_lemuel,
          grunt_decor_fettered, bh_walls_and_bars
D:4:      layout_cave_pools, serial_shops, shop, minmay_quantized, uniq_robin,
          uniq_duvessa

Skill      XL: |  1  2  3  4  5  6 |
---------------+-------------------+-----
Unarmed Combat | 1 2 3 |  3.6
Poison Magic   | 4 5 |  5.1
Spellcasting   | 3 |  3.3
Air Magic      | 1 |  1.2
Shapeshifting  | 1 |  1.0
Dodging        | |  2.0
Stealth        | |  2.6
Transmutations | |  1.0

Action                     |  1- 3 |  4- 6 || total
---------------------------+-------+-------++-------
  Melee: Unarmed           |    48 |    53 ||   101
         Constrict         |    19 |    12 ||    31
         Tentacles         |     4 |     8 ||    12
         Punch             |       |     2 ||     2
  Throw: Throwing net      |       |     1 ||     1
   Cast: Sting             |    29 |    53 ||    82
         Poisonous Vapours |    14 |    26 ||    40
    Use: Scroll            |     1 |     1 ||     2
         Potion            |       |     3 ||     3
   Stab: Sleeping          |     2 |     4 ||     6
 Armour: Skin              |    18 |    39 ||    57
  Dodge: Dodged            |    25 |    43 ||    68
   Form: Beast             |     1 |       ||     1

Table legend: (Time is in decaauts)
 A = Elapsed time spent in this place.
 B = Non-inter-level travel time spent in this place.
 C = Inter-level travel time spent in this place.
 D = Time resting spent in this place.
 E = Time spent auto-exploring this place.
 F = Levels seen in this place.
 G = Mean time per level.
                   A        B        C        D        E       F      G
               +--------+--------+--------+--------+--------+-----+--------+
         Total |   3276 |   3065 |    211 |   1112 |    804 |   4 |  819.0 |
       Dungeon |   3276 |   3065 |    211 |   1112 |    804 |   4 |  819.0 |
               +--------+--------+--------+--------+--------+-----+--------+

Top non-repeatable levels by time:
     D:3: 1393 daAuts
     D:2: 1056 daAuts
     D:1: 822 daAuts
     D:4: 4 daAuts
